 Dungeon Crawl Stone Soup version 0.28-a0-697-g47f3eba078 (webtiles) character file.

Game seed: 8099290423009249473

31852 AttackTheMoon the Basher (level 13, 0/133 HPs)
             Began as a Troll Monk on Oct 23, 2021.
             Was an Elder of the Shining One.
             Slain by a two-headed ogre (12 damage)
             ... on level 2 of the Orcish Mines.
             The game lasted 00:23:37 (15131 turns).

AttackTheMoon the Basher (Troll Monk)              Turns: 15131, Time: 00:23:37

Health: 0/133      AC: 18    Str: 26    XL:     13   Next: 28%
Magic:  18/18      EV: 10    Int:  6    God:    the Shining One [****..]
Gold:   1519       SH:  0    Dex: 12    Spells: 12/12 levels left

rFire   . . .      SeeInvis .   e - +7 flail (vorpal)
rCold   . . .      Faith    .   (no shield)
rNeg    + + .      Spirit   .   v - +2 acid dragon scales
rPois   +          Reflect  .   (helmet restricted)
rElec   .          Harm     .   i - +1 cloak
rCorr   +          Rampage  .   (gloves unavailable)
Will    .....                   (boots unavailable)
Stlth   +.........              (no amulet)
HPRegen 1.32/turn               q - ring of poison resistance
MPRegen 0.16/turn               o - +4 ring of protection

@: glowing
A: large, unfitting armour, claws 3, regeneration 1, shaggy fur 1, tough skin 1
a: Renounce Religion, Divine Shield, Cleansing Flame


You were on level 2 of the Orcish Mines.
You worshipped the Shining One.
The Shining One was greatly pleased with you.
You visited 4 branches of the dungeon, and saw 17 of its levels.

You collected 1519 gold pieces.

Inventory:

Hand Weapons
 e - a +7 vorpal flail (weapon)
 g - a +0 giant club
 x - the +10 broad axe of Ilikyela {freeze, Str+4 SInv}
   (You found it on level 9 of the Dungeon)

   It freezes those it strikes, dealing additional cold damage.
   It can also slow down cold-blooded creatures.
   Str:       It affects your strength (+4).
   SInv:      It lets you see invisible.
Missiles
 a - 7 large rocks
 f - 4 throwing nets
 h - 80 poisoned darts
 j - 11 curare-tipped darts (quivered)
Armour
 i - a +1 cloak (worn)
 v - +2 acid dragon scales (worn)
Jewellery
 o - a +4 ring of protection (right claw)
 q - a ring of poison resistance (left claw)
Wands
 l - a wand of polymorph (24)
 E - a wand of flame (5)
Scrolls
 c - a scroll of magic mapping
 d - 2 scrolls of blinking
 n - 4 scrolls of teleportation
 y - a scroll of fog
 C - a scroll of amnesia
Potions
 b - a potion of berserk rage
 k - 3 potions of flight
 s - 3 potions of haste
 t - a potion of ambrosia
 u - 2 potions of attraction
 z - 3 potions of lignification
 D - a potion of mutation
Miscellaneous
 p - a lightning rod (1/4)


   Skills:
 + Level 10.0 Fighting
 + Level 10.8 Maces & Flails
 + Level 2.2 Throwing
 + Level 6.9 Armour
 - Level 2.4 Dodging
 - Level 1.0 Stealth
 + Level 8.2 Invocations
 + Level 8.3 Evocations


You had 12 spell levels left.
You didn't know any spells.
Your spell library contained the following spells:

 Spells                   Type           Power      Damage    Failure   Level
 Beastly Appendage        Tmut           0%         N/A       52%         1
 Freeze                   Ice            0%         1d3       52%         1
 Slow                     Hex            0%         N/A       65%         2
 Wereblood                Tmut           0%         N/A       65%         2
 Confusing Touch          Hex            0%         N/A       87%         3
 Dazzling Flash           Conj/Hex       0%         N/A       87%         3
 Frozen Ramparts          Ice            0%         1d2       87%         3
 Ozocubu's Armour         Ice            0%         N/A       87%         3
 Spider Form              Tmut/Pois      0%         N/A       87%         3
 Animate Armour           Summ/Erth      0%         N/A       99%         4
 Hailstorm                Conj/Ice       0%         3d3       99%         4
 Ice Form                 Ice/Tmut       0%         N/A       99%         4
 Iskenderun's Mystic Bla  Conj/Tloc      0%         2d3       99%         4
 Alistair's Intoxication  Tmut/Pois      0%         N/A       100%        5
 Blade Hands              Tmut           0%         N/A       100%        5
 Borgnjor's Vile Clutch   Necr/Erth      0%         N/A       100%        5
 Fireball                 Conj/Fire      0%         3d3       100%        5
 Iskenderun's Battlesphe  Conj           0%         2d6       100%        5
 Yara's Violent Unravell  Hex/Tmut       0%         3d3       100%        5
 Conjure Ball Lightning   Conj/Air       0%         3x3d6     100%        6
 Eringya's Noxious Bog    Tmut/Pois      0%         N/A       100%        6
 Iron Shot                Conj/Erth      0%         9d1       100%        6
 Simulacrum               Ice/Necr       0%         N/A       100%        6
 Starburst                Conj/Fire      0%         6d3       100%        6
 Orb of Destruction       Conj           0%         N/A       100%        7
 Ozocubu's Refrigeration  Ice            0%         4d5       100%        7


Dungeon Overview and Level Annotations

Branches:
Dungeon (9/15)             Temple (1/1) D:6            Lair (5/6) D:9
  Swamp (0/4) Lair:2       Spider (0/4) Lair:4          Orc (2/2) D:9
  Slime: Lair:5-6       Elf: Orc:2

Altars:
Ashenzari
Cheibriados
Dithmenos
Elyvilon
Fedhas
Gozag
Hepliaklqana
Kikubaaqudgha
Makhleb
Nemelex Xobeh
Okawaru
Qazlal
Ru
Sif Muna
Trog
Uskayaw
Vehumet
Wu Jian
Xom
Yredelemnul
Zin
The Shining One
Beogh

Shops:
D:2 [   D:4 :   Orc:1 (   Orc:2 **

Annotations:
D:5 4 runed translucent doors
Lair:1 4 transporters, mdk's ghost, journeyman DECj


Innate Abilities, Weirdness & Mutations

You are too large for most types of armour.
You have claws for hands.
Your natural rate of healing is unusually fast.
You are covered in fur. (AC +1)
You have tough skin. (AC +1)


Message History

You see here a +0 giant club.
There is a stone staircase leading down, spattered with blood here.
You start resting.
You feel yourself slow down.
You start resting.
Magic restored.
You start resting.
You feel a little less mighty now.
You start resting.
Your divine shield fades away.
You start resting.
HP restored.
You climb downwards.
The two-headed ogre hits you with a +0 giant spiked club!!
The two-headed ogre barely misses you. The troll bites you!
The troll claws you but does no damage. The troll barely misses you.
The two-headed ogre hits you with a +0 giant club!
The two-headed ogre closely misses you.
The orc wizard casts a spell.
The orc wizard flickers and vanishes!
Deactivating autopickup; reactivate with Ctrl-A.
The troll closely misses you. The troll claws you.
The troll claws you but does no damage. The troll bites you.
The troll barely misses you. The troll misses you.
The orc sorcerer mumbles some strange words.
The two-headed ogre hits you with a +0 giant spiked club!!
The two-headed ogre hits you with a +0 giant club.
There is a stone staircase leading up, spattered with blood here.
The troll bites you. The troll claws you.
The troll claws you but does no damage. The deep troll bites you!!
* * * LOW HITPOINT WARNING * * *
The deep troll claws you but does no damage.
The deep troll barely misses you. The orc warrior barely misses you.
The troll closely misses you. x2; The troll barely misses you.
The two-headed ogre hits you with a +0 giant spiked club!
* * * LOW HITPOINT WARNING * * *
The two-headed ogre closely misses you. The troll bites you but does no damage.
The troll claws you but does no damage. x2
The two-headed ogre hits you with a +0 giant club!
You die...

#.o............
#..............
...#..o........
...............
...o..o...o$<
....oooo.(.##.#
...o.oTOO......
....oTT@To.....
.....OOTo..##.#
....O.OOT......
.∩....C.....#.#
.....O.O.....##
..3..........#
.o........#..#
..............


You could see an orc knight, 4 two-headed ogres, an ogre mage, a deep troll, a
cyclops, 5 trolls, a neqoxec (summoned), an orc sorcerer, an orc warrior, 4
ogres, 2 orc priests, 4 orc wizards and 6 orcs.

Vanquished Creatures
  Snorg (Lair:4)
  A hydra (Lair:3)
  A boulder beetle (Lair:4)
  3 centaur warriors (D:9)
  3 two-headed ogres (Orc:1)
  Sonja (Orc:1)
  A sea snake (Orc:1)
  An orc knight (D:9)
  2 deep elf pyromancers (D:9)
  A necromancer (Lair:2)
  An orc sorcerer (Orc:1)
  2 cyclopes (D:9)
  6 elephants (Lair:3)
  A gargoyle (D:5)
  A torpor snail (Lair:3)
  A cane toad (Lair:2)
  Maggie (D:8)
  2 rime drakes
  4 komodo dragons (Lair:4)
  An efreet (D:9)
  A kobold demonologist (D:9)
  A jumping spider (Lair:4)
  A troll (D:9)
  A hornet (D:9)
  A polar bear (Lair:4)
  A raiju (shapeshifter) (D:9)
  2 dream sheep (Lair:3)
  A redback (Lair:4)
  A shadow (D:9)
  3 wyverns
  39 yaks
  A steam dragon (D:8)
  Eustachio (D:5)
  5 basilisks
  A warg (Orc:1)
  2 acid dragons (D:9)
  5 water moccasins
  2 ice beasts
  3 sky beasts
  A hornet zombie (D:9)
  12 ogres
  3 black bears
  19 orc warriors
  4 centaurs
  7 wolves
  3 kobold brigands
  16 bullfrogs
  2 scorpions (D:5)
  4 electric eels (Lair:3)
  5 howler monkeys
  A bullfrog zombie (D:6)
  3 centaur zombies
  A jelly (D:5)
  2 gnoll shamans
  4 hounds
  11 orc priests
  3 centaur skeletons
  A bullfrog skeleton (D:5)
  2 scorpion zombies (D:5)
  2 iguanas
  10 orc wizards
  6 polar bear simulacra (Lair:2)
  2 yak simulacra (Lair:2)
  A wolf simulacrum (Lair:2)
  2 hound skeletons
  A hound zombie (D:5)
  A howler monkey zombie (D:9)
  8 gnolls
  A howler monkey skeleton (D:4)
  9 adders
  2 white imps
  2 ufetubi
  3 adder skeletons
  4 dart slugs
  39 orcs
  2 endoplasms
  3 giant cockroaches
  3 goblins
  6 hobgoblins
  7 jackals
  14 kobolds
  6 quokkas
  8 ball pythons
  A bat (D:3)
  3 frilled lizards
  9 rats
  2 river rat simulacra (Lair:2)
368 creatures vanquished.

Vanquished Creatures (others)
  3 fungi
  5 plants
8 creatures vanquished.

Grand Total: 376 creatures vanquished

Notes
Turn   | Place    | Note
-------+----------+-------------------------------------------
     0 | D:1      | AttackTheMoon the Troll Monk began the quest for the Orb.
     0 | D:1      | Reached XP level 1. HP: 22/22 MP: 0/0
   146 | D:1      | Reached XP level 2. HP: 29/29 MP: 1/1
   387 | D:1      | Reached XP level 3. HP: 8/37 MP: 2/2
   947 | D:2      | Found Gifoteil's Armour Emporium.
   967 | D:2      | Found a faded altar of an unknown god.
  1335 | D:2      | Reached XP level 4. HP: 40/45 MP: 3/3
  2399 | D:4      | Reached XP level 5. HP: 51/54 MP: 4/4
  3004 | D:4      | Found Kicsah's Book Boutique.
  3096 | D:5      | Entered Level 5 of the Dungeon
  3096 | D:5      | Noticed a black bear
  3104 | D:5      | Killed a black bear
  3105 | D:5      | Reached skill level 1 in Evocations
  3105 | D:5      | Reached XP level 6. HP: 56/62 MP: 5/5
  3476 | D:5      | Noticed Eustachio
  3493 | D:5      | Killed Eustachio
  3494 | D:5      | Reached skill level 5 in Maces & Flails
  3494 | D:5      | Reached XP level 7. HP: 68/71 MP: 6/6
  3570 | D:5      | Found a large runed translucent door.
  3570 | D:5      | Noticed a wraith
  3571 | D:5      | Found a large runed translucent door.
  3571 | D:5      | Noticed a two-headed ogre
  3578 | D:5      | Found a large runed translucent door.
  3578 | D:5      | Found a large runed translucent door.
  3630 | D:5      | Noticed a gargoyle
  3638 | D:5      | Reached skill level 5 in Fighting
  3661 | D:5      | Killed a gargoyle
  3662 | D:5      | Reached XP level 8. HP: 47/81 MP: 7/7
  4577 | D:6      | Found a staircase to the Ecumenical Temple.
  4592 | Temple   | Entered the Ecumenical Temple
  4886 | Temple   | Became a worshipper of the Shining One
  4886 | Temple   | Reached * piety under the Shining One
  4886 | Temple   | Reached ** piety under the Shining One
  5058 | D:6      | Reached XP level 9. HP: 92/92 MP: 8/8
  5096 | D:6      | Reached skill level 1 in Invocations
  5500 | D:7      | Identified the +8 spear of Genebad {antimagic, rF- rC- rN++
                  | Dex+3}
  5939 | D:8      | Reached skill level 5 in Evocations
  6001 | D:8      | Noticed Maggie
  6017 | D:8      | Killed Maggie
  6334 | D:8      | Reached skill level 1 in Armour
  6800 | D:9      | Found a staircase to the Orcish Mines.
  6843 | D:9      | Identified the +10 broad axe of Ilikyela {freeze, Str+4
                  | SInv}
  6850 | D:9      | Noticed a centaur warrior
  6863 | D:9      | Killed a centaur warrior
  6864 | D:9      | Reached XP level 10. HP: 94/102 MP: 8/11
  6892 | D:9      | Found a staircase to the Lair.
  6994 | D:9      | Noticed a deep elf pyromancer
  7167 | D:9      | Killed a deep elf pyromancer
  7220 | D:9      | Noticed a deep troll
  7417 | D:9      | Found a shadowy altar of Dithmenos.
  7423 | D:9      | Reached *** piety under the Shining One
  7640 | D:9      | Reached skill level 5 in Invocations
  7659 | D:9      | Noticed a centaur warrior
  7671 | D:9      | Killed a centaur warrior
  7672 | D:9      | Reached XP level 11. HP: 89/111 MP: 10/13
  8076 | Lair:1   | Entered Level 1 of the Lair of Beasts
  8124 | Lair:1   | Found a transporter.
  8124 | Lair:1   | Noticed a boulder beetle
  8125 | Lair:1   | Found a transporter.
  8176 | Lair:1   | Found a transporter.
  8176 | Lair:1   | Found a transporter.
  8181 | Lair:1   | Noticed a spriggan rider
  8181 | Lair:1   | Noticed mdk's ghost (journeyman DECj)
  8183 | Lair:1   | Found a bloodstained altar of Trog.
  9127 | Lair:2   | Found a staircase to the Swamp.
  9383 | Lair:2   | Identified the +1 arbalest of Untimely Demise {vorpal, rC+}
  9879 | Lair:2   | Noticed a necromancer
  9879 | Lair:2   | Reached **** piety under the Shining One
  9888 | Lair:2   | Killed a necromancer
  9889 | Lair:2   | Reached skill level 5 in Armour
 10340 | Lair:3   | Reached XP level 12. HP: 95/123 MP: 15/15
 10585 | Lair:3   | Noticed a seven-headed hydra
 10594 | Lair:3   | Killed a seven-headed hydra
 10744 | Lair:3   | Reached skill level 10 in Maces & Flails
 11969 | Lair:4   | Noticed a boulder beetle
 11986 | Lair:4   | Killed a boulder beetle
 12162 | Lair:4   | Found a hole to the Spider Nest.
 12378 | Lair:4   | Noticed Snorg
 12393 | Lair:4   | Killed Snorg
 13070 | Lair:5   | Noticed a death yak
 13306 | D:9      | Noticed a centaur warrior
 13306 | D:9      | Reached ***** piety under the Shining One
 13424 | Orc:1    | Entered Level 1 of the Orcish Mines
 13450 | Orc:1    | Noticed Sonja
 13694 | D:9      | Killed a centaur warrior
 13698 | D:9      | Reached skill level 1 in Throwing
 13698 | D:9      | Reached XP level 13. HP: 81/133 MP: 10/17
 14057 | Orc:1    | Killed Sonja
 14199 | Orc:1    | Found Sogauxo's Antique Weapon Emporium.
 14982 | Orc:2    | Entered Level 2 of the Orcish Mines
 14982 | Orc:2    | Found Foanibepn's Assorted Antiques.
 14982 | Orc:2    | Found Kicw's General Store.
 14992 | Orc:1    | Reached skill level 10 in Fighting
 15131 | Orc:2    | Slain by a two-headed ogre

Illustrated notes

Levels and vault maps discovered:
D:1:      nicolae_arrival_washed_ashore, layout_basic
D:2:      layout_loops_ring, serial_shops, nicolae_square_shop,
          ebering_ecumenical_altar_mist
D:3:      layout_loops_ring, minmay_misc_feat_doors
D:4:      layout_basic, serial_shops, nicolae_shop_behind_doors
D:5:      minmay_octagon_keep, layout_layer_cave, minmay_hollow_rounded_squares,
          uniq_eustachio
D:6:      layout_basic, minmay_temple_entry_proselytizer,
          kennysheep_generic_room_4
D:7:      layout_cave_pools
D:8:      layout_basic, uniq_maggie
D:9:      minmay_the_grid_3x2 [minmay_the_grid_minigrid_large,
          minmay_the_grid_medium_cups, minmay_the_grid_dragon_b,
          minmay_the_grid_odd_star, minmay_the_grid_minigrid_small,
          minmay_the_grid_prize_four_corners], layout_basic,
          amcnicky_altar_gilded, wad_dig_loot
Temple:   roderic_octagonal_lattice_temple
Lair:1:   gammafunk_boulding_lane, layout_cave_pods,
          gammafunk_ghost_wrathful_warriors
Lair:2:   layout_layer_cave, swamp_mist, st_stairs_7, eino_house_with_fridge
Lair:3:   layout_cave_pods, serial_bayou_lagoon_b, infiniplex_staircase_pool
Lair:4:   layout_cave_pods, spider_nest_entry_a, beast_lair_carwin_4, uniq_snorg
Lair:5:   layout_loops_ring, minmay_holes
Orc:1:    layout_caves, serial_shops, nicolae_square_shop, lemuel_statue_altar,
          minmay_orc_temple_a, uniq_sonja
Orc:2:    st_orc_open, layout_caves, basic_altar

Skill      XL: |  1  2  3  4  5  6  7  8  9 10 11 12 13 |
---------------+----------------------------------------+-----
Maces & Flails | 3 4 5 7 8 9 10 | 10.8
Fighting       | 3 4 5 6 7 8 9 10 | 10.0
Evocations     | 1 2 3 4 5 6 7 8 |  8.3
Invocations    | 3 5 6 7 8 |  8.2
Armour         | 1 3 5 6 |  6.9
Throwing       | 1 2 |  2.2
Dodging        | |  2.4
Stealth        | |  1.0

Action                   |  1- 3 |  4- 6 |  7- 9 | 10-12 | 13-15 || total
-------------------------+-------+-------+-------+-------+-------++-------
Melee: Mace              |    63 |       |       |       |       ||    63
       Flail             |    32 |   107 |   264 |   582 |   109 ||  1094
Throw: Dart              |       |       |    12 |    13 |     2 ||    27
       Large rock        |       |       |       |       |     3 ||     3
Invok: Divine Shield     |       |       |     2 |     4 |     4 ||    10
       Cleansing Flame   |       |       |       |     2 |     6 ||     8
Evoke: Wand              |       |       |       |    26 |     8 ||    34
       Lightning rod     |       |       |       |       |     4 ||     4
  Use: Scroll            |     2 |     7 |     3 |    14 |     1 ||    27
       Potion            |       |       |     3 |     1 |     4 ||     8
 Stab: Sleeping          |     3 |     3 |       |       |       ||     6
Armor: Robe              |    32 |    65 |   114 |       |       ||   211
       Acid dragon scale |       |       |    40 |   348 |    96 ||   484
       Steam dragon scal |       |       |    11 |       |       ||    11
Dodge: Dodged            |    54 |    90 |   139 |   347 |    97 ||   727
Block: Other             |       |       |    12 |    30 |    33 ||    75

Table legend: (Time is in decaauts)
 A = Elapsed time spent in this place.
 B = Non-inter-level travel time spent in this place.
 C = Inter-level travel time spent in this place.
 D = Time resting spent in this place.
 E = Time spent auto-exploring this place.
 F = Levels seen in this place.
 G = Mean time per level.
                   A        B        C        D        E       F      G
               +--------+--------+--------+--------+--------+-----+--------+
         Total |  15189 |  14585 |    604 |   2067 |   9801 |  17 |  893.5 |
       Dungeon |   8959 |   8643 |    316 |   1401 |   5603 |   9 |  995.4 |
        Temple |    309 |    272 |     37 |      0 |    249 |   1 |  309.0 |
          Lair |   5078 |   4846 |    232 |    585 |   3512 |   5 | 1015.6 |
  Orcish Mines |    840 |    822 |     18 |     81 |    437 |   2 |  420.0 |
               +--------+--------+--------+--------+--------+-----+--------+

Top non-repeatable levels by time:
     D:9: 2414 daAuts
  Lair:3: 1647 daAuts
     D:5: 1469 daAuts
  Lair:2: 1190 daAuts
  Lair:4: 1172 daAuts
  Lair:1: 1062 daAuts
     D:8: 981 daAuts
     D:1: 904 daAuts
   Orc:1: 833 daAuts
     D:4: 807 daAuts
     D:2: 780 daAuts
     D:3: 637 daAuts
     D:6: 552 daAuts
     D:7: 412 daAuts
  Temple: 309 daAuts
